 Dungeon Crawl Stone Soup version 0.29.1-15-g9cfb28693d (webtiles) character file.

Game seed: 14183028083684964486

1710 safid the Frost Mage (level 9, -6/106 HPs)
             Began as a Merfolk Ice Elementalist on Mar 29, 2023.
             Was a Follower of Vehumet.
             Killed from afar by a steam dragon (14 damage)
             ... with a ball of steam
             ... on level 7 of the Dungeon.
             The game lasted 00:11:42 (7546 turns).

safid the Frost Mage (Merfolk Ice Elementalist)     Turns: 7546, Time: 00:11:43

Health: -6/106     AC: 24    Str:  8    XL:     9   Next: 3%
Magic:  14/18      EV:  2    Int: 19    God:    Vehumet [*.....]
Gold:   58         SH:  0    Dex: 14    Spells: 13/20 levels left

rFire   . . .      SeeInvis .   a - +2 war axe (venom)
rCold   . . .      Faith    .   (no shield)
rNeg    . . .      Spirit   .   (body armour currently unavailable)
rPois   +          Reflect  .   (helmet currently unavailable)
rElec   .          Harm     .   (cloak currently unavailable)
rCorr   .          Rampage  .   (gloves currently unavailable)
Will    +....      Rage     3%  (boots currently unavailable)
Stlth   ++........ NoTele   +   C - amulet of regeneration
HPRegen 1.07/turn               s - ring of willpower
MPRegen 0.16/turn               w - ring of wizardry

@: tree-form
A: stationary, stasis, torment immunity, boosted hp, (nimble swimmer 2),
(mertail), (horns 1), berserk 1
a: Renounce Religion


You were on level 7 of the Dungeon.
You worshipped Vehumet.
Vehumet was aware of your devotion.
You were a tree.
You visited 2 branches of the dungeon, and saw 8 of its levels.

You collected 418 gold pieces.
You spent 360 gold pieces at shops.

Inventory:

Hand Weapons
 a - a +2 war axe of venom (weapon)
Armour
 A - a +1 robe of cold resistance (melded)
Jewellery
 p - a ring of fire
 s - a ring of willpower (left branch)
 w - a ring of wizardry (right branch)
 C - an amulet of regeneration (around neck)
Wands
 t - a wand of digging (5)
 y - a wand of paralysis (6)
Scrolls
 j - 6 scrolls of identify {unknown}
 k - a scroll of noise {unknown}
 l - 5 scrolls of teleportation {unknown}
 n - a scroll of magic mapping {unknown}
 q - 4 scrolls of poison {unknown}
 r - a scroll of blinking {unknown}
 u - 3 scrolls of immolation {unknown}
 z - a scroll of butterflies {unknown}
Potions
 b - a potion of magic
 c - a potion of haste {unknown}
 d - 5 potions of curing
 e - a potion of cancellation {unknown}
 f - a potion of invisibility {unknown}
 g - a potion of flight {unknown}
 h - 5 potions of degeneration {unknown}
 i - 2 potions of lignification
 m - a potion of mutation
 o - a potion of heal wounds {unknown}
 v - a potion of berserk rage {unknown}
 x - a potion of might {unknown}
 B - 2 potions of ambrosia {unknown}


   Skills:
 + Level 6.9 Fighting
 - Level 2.6 Dodging
 - Level 2.1 Stealth
 + Level 6.2 Spellcasting
 + Level 8.4 Ice Magic


You had 13 spell levels left.
You knew the following spells:

 Your Spells              Type           Power      Damage    Failure   Level
a - Freeze                Ice            100%       1d11      1%          1
b - Frozen Ramparts       Ice            74%        1d12      1%          3
c - Ozocubu's Armour      Ice            37%        N/A       1%          3

Your spell library contained the following spells:

 Spells                   Type           Power      Damage    Failure   Level
 Magic Dart               Conj           20%        1d4       4%          1
 Static Discharge         Conj/Air       5%         3-4/arc   7%          2
 Hailstorm                Conj/Ice       21%        3d6       8%          4
 Metabolic Englaciation   Hex/Ice        10%        N/A       21%         5
 Simulacrum               Ice/Necr       10%        N/A       71%         6
 Lightning Bolt           Conj/Air       2%         1d14      73%         5
 Maxwell's Capacitive Co  Air            2%         ∞         100%        8


Dungeon Overview and Level Annotations

Branches:
Dungeon (7/15)             Temple (1/1) D:5

Altars:
Ashenzari
Dithmenos
Elyvilon
Fedhas
Hepliaklqana
Kikubaaqudgha
Makhleb
Nemelex Xobeh
Okawaru
Qazlal
Ru
Sif Muna
Uskayaw
Vehumet
Wu Jian
Xom
Yredelemnul
Zin
The Shining One

Shops:
D:3 =


Innate Abilities, Weirdness & Mutations

You are a tree.
Your roots penetrate the ground, keeping you stationary.
You cannot be teleported.
You are immune to unholy pain and torment.
Your maximum health is greatly increased.
Your equipment is partially melded.
((You are very nimble when in or above water. (Stealth+, EV+, Speed+++)))
((Your lower body shifts to a powerful aquatic tail in water.))
((You have a pair of small horns on your head.))
You sometimes lose your temper in combat.


Message History

The orc closely misses you. The steam dragon breathes steam at you.
The ball of steam hits you!
* * * LOW HITPOINT WARNING * * *
The orc misses you.
The steam dragon bites you but does no damage.
The steam dragon closely misses you. The heat melts your icy armour.
Unknown command.
You hit the steam dragon.
The steam dragon looks even sicker.
The steam dragon is heavily wounded.
You are engulfed in a cloud of scalding steam.
* * * LOW HITPOINT WARNING * * *
The orc hits you but does no damage. The steam dragon closely misses you.
The steam dragon barely misses you. The heat melts your icy armour.
It was a potion of lignification.
You turn into a tree.
Your +1 robe of cold resistance melds into your body.
You feel less resistant to cold.
Your roots penetrate the ground.
You are engulfed in a cloud of scalding steam.
The orc hits you but does no damage.
The steam dragon bites you but does no damage.
The steam dragon claws you but does no damage.
The heat melts your icy armour.
It was a potion of mutation.
You feel extremely strange.
You feel a little pissed off. A pair of horns grows on your head!
You are engulfed in a cloud of scalding steam.
Your icy armour melts away.
* * * LOW HITPOINT WARNING * * *
The orc hits you but does no damage. The steam dragon breathes steam at you.
The ball of steam hits you.
* * * LOW HITPOINT WARNING * * *
Unknown command.
Unknown command.
It was a potion of curing.
You feel better.
You are engulfed in a cloud of scalding steam.
The steam dragon breathes steam at you. The ball of steam hits you!
You die...

...# ...+ ....##
#####...... #<#...
...# #.#.##..#.#
#.........#
###.##########. #.#
#♣)).....
##+#'###)D......
#.........o.....
#.[.............
...................
........###....=...
...####.. .........
... ### .########
.. ..


You could see a steam dragon (very poisoned, catching breath) and an orc.

Vanquished Creatures
  Prince Ribbit (D:5)
  A black bear (D:4)
  2 ice beasts
  2 ogres
  A kobold brigand (D:6)
  5 necrophages
  A howler monkey (D:6)
  5 hounds
  An orc priest (D:5)
  A gnoll bouda (D:6)
  5 orc wizards
  An iguana (D:5)
  9 gnolls
  9 adders
  2 white imps (D:5)
  An ufetubus (D:6)
  2 worms
  2 dart slugs
  13 orcs
  5 ball pythons
  A bat (D:2)
  9 endoplasms
  A giant cockroach (D:4)
  8 goblins
  9 hobgoblins
  2 jackals (D:2)
  2 quokkas
  3 frilled lizards
  14 kobolds
  8 rats
126 creatures vanquished.

Notes
Turn   | Place    | Note
-------+----------+-------------------------------------------
     0 | D:1      | safid the Merfolk Ice Elementalist began the quest for the
                  | Orb.
     0 | D:1      | Reached XP level 1. HP: 13/13 MP: 3/3
   435 | D:1      | Reached XP level 2. HP: 9/20 MP: 1/5
   444 | D:1      | Reached skill level 1 in Fighting
  1016 | D:1      | Reached XP level 3. HP: 18/26 MP: 1/6
  1610 | D:2      | Learned a level 3 spell: Frozen Ramparts
  2106 | D:2      | Reached skill level 5 in Ice Magic
  2106 | D:2      | Reached XP level 4. HP: 27/33 MP: 5/8
  2115 | D:2      | Learned a level 3 spell: Ozocubu's Armour
  2392 | D:3      | Found a glowing golden altar of the Shining One.
  2419 | D:3      | Found Fel Vid's Jewellery Shop.
  2762 | D:3      | Found a faded altar of an unknown god.
  2767 | D:3      | Reached XP level 5. HP: 39/39 MP: 9/9
  3461 | D:3      | Identified the +3 chain mail "Aqigh" {Will+}
  3875 | D:4      | Noticed a black bear
  3883 | D:4      | Killed a black bear
  3884 | D:4      | Reached XP level 6. HP: 48/48 MP: 4/11
  3958 | D:4      | Reached skill level 6 in Ice Magic
  3963 | D:4      | Reached XP level 7. HP: 13/54 MP: 0/13
  4332 | D:4      | Found a glowing silver altar of Zin.
  4442 | D:5      | Entered Level 5 of the Dungeon
  4519 | D:5      | Found a staircase to the Ecumenical Temple.
  4539 | Temple   | Entered the Ecumenical Temple
  4624 | Temple   | Became a worshipper of Vehumet
  5077 | D:5      | Reached skill level 5 in Fighting
  5409 | D:5      | Found a burning altar of Makhleb.
  5611 | D:5      | Reached skill level 7 in Ice Magic
  5835 | D:5      | Found a shadowy altar of Dithmenos.
  6129 | D:6      | Reached skill level 5 in Spellcasting
  6129 | D:6      | Reached XP level 8. HP: 56/62 MP: 9/15
  6273 | D:6      | Noticed Prince Ribbit
  6380 | D:5      | Killed Prince Ribbit
  6392 | D:5      | Reached skill level 8 in Ice Magic
  6889 | D:6      | Found a broken altar of Ashenzari.
  6973 | D:3      | Bought an amulet of regeneration for 360 gold pieces
  7150 | D:6      | Reached * piety under Vehumet
  7150 | D:6      | Offered knowledge of Magic Dart by Vehumet.
  7222 | D:6      | Reached XP level 9. HP: 41/71 MP: 14/18
  7545 | D:7      | Gained mutation: You sometimes lose your temper in combat.
                  | [potion of mutation]
  7545 | D:7      | Gained mutation: You have a pair of small horns on your
                  | head. [potion of mutation]
  7545 | D:7      | HP: 1/106 [steam dragon/ball of steam (6)]
  7546 | D:7      | Killed from afar by a steam dragon

Illustrated notes

Levels and vault maps discovered:
D:1:      dpeg_arrival_another_circle, layout_basic, minmay_pentomino_z4
D:2:      layout_rooms, nicolae_elevator_lobby_plus
D:3:      layout_basic, nicolae_overflow_crystal_walls,
          ebering_ecumenical_altar_ruins, serial_shops,
          nicolae_shop_advertising_works [nicolae_subvault_shop_adworks],
          minmay_quantized
D:4:      layout_basic, zin_treasury
D:5:      layout_layer_cave, marbit_many_paths, lemuel_doored_altar,
          minmay_temple_entry_slanted
D:6:      layout_cave_pools, ashenzari_conservatory_becter, uniq_prince_ribbit1
D:7:      layout_basic
Temple:   eino_temple_lava

Skill      XL: |  1  2  3  4  5  6  7  8 |
---------------+-------------------------+-----
Fighting       | 1 2 3 4 5 6 |  6.9
Ice Magic      | 5 6 7 8 |  8.4
Spellcasting   | 3 4 5 6 |  6.2
Dodging        | |  2.6
Stealth        | |  2.1

Action                   |  1- 3 |  4- 6 |  7- 9 || total
-------------------------+-------+-------+-------++-------
Melee: Unarmed           |     5 |       |       ||     5
       Dagger            |    43 |     1 |       ||    44
       War axe           |       |       |    94 ||    94
 Fire: Sling             |       |    94 |    57 ||   151
 Cast: Freeze            |    50 |     5 |       ||    55
       Frozen Ramparts   |       |     5 |    22 ||    27
       Ozocubu's Armour  |       |     4 |     9 ||    13
  Use: Potion            |       |       |     3 ||     3
 Stab: Sleeping          |     1 |       |       ||     1
Armor: Robe              |     6 |     8 |    34 ||    48
       Skin              |       |       |     6 ||     6
Dodge: Dodged            |    59 |    45 |   140 ||   244
